 Dungeon Crawl Stone Soup version 0.28-a0-1404-g4df0f3684d (webtiles) character file.

Game seed: 8752548810085344301

449 lonewolfV2 the Cudgeller (level 6, 0/47 HPs)
             Began as a Demonspawn Gladiator on Jan 5, 2022.
             Was an Initiate of Ashenzari.
             Slain by a two-headed ogre (8 damage)
             ... on level 5 of the Dungeon.
             The game lasted 00:07:48 (5323 turns).

lonewolfV2 the Cudgeller (Demonspawn Gladiator)     Turns: 5323, Time: 00:07:53

Health: 0/47       AC:  2    Str: 16    XL:     6   Next: 74%
Magic:  6/6        EV: 13    Int: 10    God:    Ashenzari [......]
Gold:   282        SH:  0    Dex: 14    Spells: 5/5 levels left

rFire   . . .      SeeInvis .   p - +0 dagger (venom)
rCold   . . .      Faith    .   (no shield)
rNeg    . . .      Spirit   .   (no armour)
rPois   .          Reflect  .   (no helmet)
rElec   .          Harm     .   (no cloak)
rCorr   .          Rampage  .   (no gloves)
Will    .....                   (no boots)
Stlth   ++........              (no amulet)
HPRegen 0.15/turn               (no ring)
MPRegen 0.10/turn               (no ring)

@: no status effects
A: claws 1, yellow scales 1, demonic guardian 1, foul stench 2
a: Renounce Religion


You were on level 5 of the Dungeon.
You worshipped Ashenzari.
Ashenzari was noncommittal.
You visited 2 branches of the dungeon, and saw 6 of its levels.

You collected 282 gold pieces.

Inventory:

Hand Weapons
 a - a +0 flail
 p - a +0 dagger of venom (weapon)
Missiles
 d - 3 throwing nets (quivered)
Armour
 b - a +0 leather armour
 c - a +0 helmet
Jewellery
 l - an amulet of reflection
Scrolls
 f - a scroll of fear {unknown}
 h - a scroll of identify {unknown}
 i - a scroll of vulnerability {unknown}
 k - 3 scrolls of teleportation {unknown}
 n - 2 scrolls of amnesia {unknown}
 o - a scroll of blinking {unknown}
Potions
 e - 3 potions of curing
 g - a potion of brilliance {unknown}
 j - a potion of flight {unknown}
 m - a potion of resistance {unknown}
 q - a potion of attraction {unknown}
 r - a potion of invisibility


   Skills:
 + Level 3.0 Fighting
 + Level 0.9 Short Blades
 + Level 4.8 Maces & Flails
 + Level 2.0 Throwing
 + Level 2.6 Armour
 + Level 3.9 Dodging
 + Level 0.8 Stealth


You had 5 spell levels left.
You didn't know any spells.
Your spell library contained the following spells:

 Spells                   Type           Power      Damage    Failure   Level
 Animate Skeleton         Necr           0%         N/A       36%         1
 Pain                     Necr           0%         1d4       36%         1
 Vampiric Draining        Necr           0%         2d6       75%         3


Dungeon Overview and Level Annotations

Branches:
Dungeon (5/15)             Temple (1/1) D:5

Altars:
Ashenzari
Cheibriados
Dithmenos
Elyvilon
Makhleb
Okawaru
Trog
Xom
Yredelemnul


Innate Abilities, Weirdness & Mutations

You have sharp fingernails.
You are partially covered in yellow scales. (AC +2)
A weak demonic guardian rushes to your aid.
You sometimes emit foul miasma when damaged in melee.


Message History

Found a ring mail.
You now have 273 gold pieces (gained 16).
You now have 282 gold pieces (gained 9).
r - a potion of invisibility You see here a +0 ring mail.
A two-headed ogre comes into view. It is wielding two +0 giant clubs.
The two-headed ogre shouts in stereo!
You see here a wand of iceblast (11).
A two-headed ogre is nearby!
Found a war axe.
Really attack while wielding nothing? [Y]es or [N]o only, please.
Really attack while wielding nothing? [Y]es or [N]o only, please.
Really attack while wielding nothing? [Y]es or [N]o only, please.
Really attack while wielding nothing? [Y]es or [N]o only, please.
Really attack while wielding nothing?
Okay, then.
Your +0 dagger of venom begins to drip with poison!
p - a +0 dagger of venom (weapon)
You hit the two-headed ogre.
The two-headed ogre is lightly wounded.
The two-headed ogre closely misses you.
The two-headed ogre hits you with a +0 giant club!!
Ouch! That really hurt!
A demonic guardian appears!
You barely miss the two-headed ogre.
The two-headed ogre is lightly wounded.
The two-headed ogre hits you with a +0 giant club!
* * * LOW HITPOINT WARNING * * *
The two-headed ogre barely misses you.
You hit the two-headed ogre but do no damage.
The two-headed ogre is poisoned.
The two-headed ogre is lightly wounded.
Your quasit barely misses the two-headed ogre.
Your quasit claws the two-headed ogre. x2
The two-headed ogre hits you with a +0 giant club!
You die...

#.....###..#...#...#..##
.............#.....# ...##
##.....#..#####.>.#####..#
##...###....#.....#....######
##.. .(..#...#...#.........
### ####....###............
#####..#.#.#....####
#........#.[.##.#
.###5@/#..###.# #.....O....#
#.# ...###.##...# #.# #
........# #.# ###.###.## #.#
#. #.# #.# #) #.# ..# #. ...
...


You could see a two-headed ogre (very poisoned, ally target) and a friendly
quasit (summoned).

Vanquished Creatures
  A sky beast (D:4)
  A scorpion (D:5)
  2 hounds (D:4)
  An iguana (D:5)
  An orc wizard (D:4)
  Natasha (twice) (D:2)
  A hound skeleton (D:4)
  4 adders
  An ufetubus (D:4)
  2 worms
  2 dart slugs
  6 orcs
  4 ball pythons
  9 endoplasms
  3 giant cockroaches
  8 goblins
  3 hobgoblins
  2 jackals (D:1)
  2 bats
  A frilled lizard (D:3)
  6 kobolds
  7 rats
69 creatures vanquished.

Notes
Turn   | Place    | Note
-------+----------+-------------------------------------------
     0 | D:1      | lonewolfV2 the Demonspawn Gladiator began the quest for the
                  | Orb.
     0 | D:1      | Reached XP level 1. HP: 16/16 MP: 1/1
   512 | D:1      | Gained mutation: You may rarely emit foul miasma when
                  | damaged in melee. [demonic ancestry]
   512 | D:1      | Reached XP level 2. HP: 19/22 MP: 2/2
   678 | D:1      | Reached skill level 3 in Maces & Flails
  1368 | D:2      | Found a faded altar of an unknown god.
  1583 | D:2      | Noticed Natasha
  1594 | D:2      | Killed Natasha
  1595 | D:2      | Gained mutation: You sometimes emit foul miasma when
                  | damaged in melee. [demonic ancestry]
  1595 | D:2      | Reached XP level 3. HP: 4/27 MP: 3/3
  1999 | D:2      | Reached skill level 1 in Armour
  2319 | D:2      | Noticed Natasha
  2335 | D:2      | Killed Natasha
  2336 | D:2      | Gained mutation: You are partially covered in yellow
                  | scales. (AC +2) [demonic ancestry]
  2336 | D:2      | Reached XP level 4. HP: 11/34 MP: 4/4
  3284 | D:3      | Reached skill level 4 in Maces & Flails
  3577 | D:4      | Gained mutation: A weak demonic guardian rushes to your
                  | aid. [demonic ancestry]
  3577 | D:4      | Reached XP level 5. HP: 39/39 MP: 5/5
  4078 | D:4      | Noticed a sky beast
  4100 | D:4      | Killed a sky beast
  4101 | D:4      | Gained mutation: You have sharp fingernails. [demonic
                  | ancestry]
  4101 | D:4      | Reached XP level 6. HP: 22/46 MP: 6/6
  4807 | D:5      | Entered Level 5 of the Dungeon
  4814 | D:5      | Found a staircase to the Ecumenical Temple.
  4887 | Temple   | Entered the Ecumenical Temple
  4915 | Temple   | Became a worshipper of Ashenzari the Shackled
  4922 | Temple   | Fell from the grace of Ashenzari
  5273 | Temple   | Became a worshipper of Ashenzari the Shackled
  5318 | D:5      | Noticed a two-headed ogre
  5323 | D:5      | Slain by a two-headed ogre

Illustrated notes

Levels and vault maps discovered:
D:1:      dpeg_arrival_castle, layout_basic, minmay_misc_feat_hallway,
          lemuel_another_geyser
D:2:      layout_basic, chequers_ecumenical_altar_island, serial_aquarium,
          aquarium_bridge_square [aquarium_subvault_bridge,
          aquarium_subvault_balcony, aquarium_subvault_balcony,
          aquarium_subvault_bridge], aquarium_window_1, aquarium_window_corner,
          aquarium_window_fake, aquarium_window_2, aquarium_view_2d,
          aquarium_balcony_3b, uniq_natasha
D:3:      layout_rooms
D:4:      layout_loops_corners, nrook_mini_vaults
D:5:      layout_loops_ring, minmay_temple_entry_arrows,
          chequers_serial_rivers_marsh, uniq_eustachio
Temple:   compressed_dpeg_triangle_lava_temple

Skill      XL: |  1  2  3  4  5  6 |
---------------+-------------------+-----
Throwing       | 2 |  2.0
Maces & Flails | 3 4 |  4.8
Dodging        | 3 |  3.9
Armour         | 1 2 |  2.6
Fighting       | 3 |  3.0
Short Blades   | |  0.9
Stealth        | |  0.8

Action                   |  1- 3 |  4- 6 || total
-------------------------+-------+-------++-------
Melee: Flail             |    91 |    90 ||   181
       Punch             |     1 |     1 ||     2
       Dagger            |       |    73 ||    73
Invok: Renounce Religion |       |     1 ||     1
  Use: Potion            |     4 |       ||     4
Armor: Leather armour    |    31 |    72 ||   103
Dodge: Dodged            |    49 |   102 ||   151

Table legend: (Time is in decaauts)
 A = Elapsed time spent in this place.
 B = Non-inter-level travel time spent in this place.
 C = Inter-level travel time spent in this place.
 D = Time resting spent in this place.
 E = Time spent auto-exploring this place.
 F = Levels seen in this place.
 G = Mean time per level.
                   A        B        C        D        E       F      G
               +--------+--------+--------+--------+--------+-----+--------+
         Total |   5366 |   5236 |    130 |      0 |   4178 |   6 |  894.3 |
       Dungeon |   4955 |   4825 |    130 |      0 |   4038 |   5 |  991.0 |
        Temple |    410 |    410 |      0 |      0 |    140 |   1 |  410.0 |
               +--------+--------+--------+--------+--------+-----+--------+

Top non-repeatable levels by time:
     D:2: 1486 daAuts
     D:1: 1304 daAuts
     D:4: 1253 daAuts
     D:3: 806 daAuts
  Temple: 410 daAuts
     D:5: 104 daAuts
